AoeStats
← tlusty_melman

Arena

509458281Analyzed
3v3 RM · 5d ago on Sep 26, 2026· 47m 45s· 6 players
Game mode
Random Map
Map size
Normal (6 player)
Population
200
Speed
Normal
Resources
Standard
Victory
Conquest
Starting age
Dark Age
Ending age
Imperial Age
RankedLock teamsTeams togetherTeam positionsShared explorationLock speedFull tech treeHidden civsTurbo modeCheats
Victory
Defeat
🇸🇰 Lithuanians · Slovakia
831
+9
🇸🇪 Franks · Sweden
746
+11
🇨🇱 Cumans · Chile
740
+12
🇦🇷 Poles · Argentina
690
-12
🇦🇷 Berbers · Argentina
645
-10
🇦🇷 Cumans · Argentina
644
-10
Bleaurus
1:39 Loom
8:25 Loom
10:31 Feudal Age
11:57 Wheelbarrow
11:15 Double-Bit Axe
13:28 Horse Collar
23:20 Castle Age
22:05 Stone Mining
24:22 Hand Cart
24:50 Bow Saw
25:07 Forging
24:47 Fletching
26:38 Heavy Plow
26:45 Gold Mining
27:19 Ballistics
28:04 Gold Shaft Mining
28:09 Bodkin Arrow
28:18 Padded Archer Armor
31:26 Imperial Age
28:47 Capped Ram
29:55 Masonry
32:46 Conscription
31:55 Man-at-Arms
32:05 Light Cavalry
32:56 Bloodlines
33:56 Elite Kipchak
36:07 Leather Archer Armor
37:00 Chemistry
37:36 Two-Man Saw
37:06 Pikeman
38:36 Bloodlines
38:53 Halberdier
39:34 Squires
38:57 Long Swordsman
39:42 Scale Mail Armor
40:17 Iron Casting
40:51 Chain Mail Armor
41:37 Crop Rotation
40:43 Siege Ram
41:50 Fervor
42:15 Murder Holes
42:21 Hussar
42:52 Arson
42:27 Two-Handed Swordsman
45:53 Town Watch
46:40 Ring Archer Armor
47:11 Blast Furnace
46:41 Plate Mail Armor
46:17 Scale Barding Armor
tlusty_melman
8:33 Loom
11:08 Feudal Age
11:49 Double-Bit Axe
11:46 Horse Collar
11:59 Stone Mining
18:19 Castle Age
18:38 Fletching
19:48 Heavy Plow
20:02 Bow Saw
27:17 Gold Mining
32:11 Imperial Age
31:57 Stone Shaft Mining
31:09 Pikeman
31:49 Squires
32:43 Scale Mail Armor
32:37 Halberdier
34:32 Wheelbarrow
33:43 Town Watch
34:36 Scale Barding Armor
34:38 Town Watch
36:40 Hand Cart
38:05 Chain Mail Armor
38:00 Forging
38:11 Chain Barding Armor
38:31 Padded Archer Armor
39:44 Crop Rotation
40:20 Two-Man Saw
41:05 Town Patrol
42:23 Elite Skirmisher
46:00 Elite Leitis
Forza Juve
0:30 Loom
10:53 Feudal Age
11:23 Double-Bit Axe
18:11 Castle Age
16:47 Wheelbarrow
15:58 Town Watch
19:55 Bow Saw
20:47 Stone Mining
21:57 Gold Mining
32:08 Imperial Age
30:42 Light Cavalry
31:17 Guard Tower
32:01 Husbandry
33:59 Gold Shaft Mining
34:04 Forging
33:56 Scale Mail Armor
34:20 Hand Cart
33:57 Cavalier
37:28 Scale Barding Armor
38:21 Town Patrol
39:51 Murder Holes
43:29 Chain Barding Armor
43:25 Chain Mail Armor
43:45 Iron Casting
43:23 Fortified Wall
43:23 Masonry
44:49 Paladin
pagetmelina016
12:51 Feudal Age
15:15 Wheelbarrow
14:23 Horse Collar
14:34 Double-Bit Axe
16:11 Gold Mining
18:54 Bloodlines
19:22 Stone Mining
26:40 Castle Age
25:25 Arson
28:10 Husbandry
27:32 Light Cavalry
28:32 Hand Cart
28:38 Caravan
28:10 Pikeman
28:51 Squires
31:24 Szlachta Privileges
34:29 Imperial Age
32:44 Fletching
33:08 Forging
32:59 Scale Mail Armor
33:21 Scale Barding Armor
33:59 Thumb Ring
33:57 Bodkin Arrow
34:04 Padded Archer Armor
35:53 Iron Casting
38:55 Imperial Age
36:43 Heavy Plow
37:24 Stone Shaft Mining
37:15 Chain Mail Armor
37:22 Chain Barding Armor
38:29 Leather Archer Armor
40:11 Coinage
40:16 Crop Rotation
46:18 Banking
45:22 Cavalier
46:46 Elite Skirmisher
47:35 Thumb Ring
benjaminmarquinez
12:18 Feudal Age
13:13 Horse Collar
13:26 Double-Bit Axe
15:29 Man-at-Arms
19:44 Loom
19:46 Town Watch
22:26 Castle Age
22:22 Bloodlines
24:23 Wheelbarrow
23:36 Pikeman
24:17 Squires
24:53 Capped Ram
37:29 Imperial Age
38:06 Cavalier
38:12 Elite Kipchak
38:51 Siege Ram
38:56 Halberdier
41:54 Scale Barding Armor
41:37 Paladin
benjaminmarquinez7
14:07 Feudal Age
14:37 Double-Bit Axe
14:41 Horse Collar
20:55 Castle Age
20:55 Stone Mining
20:56 Gold Mining
21:26 Pikeman
25:43 Heavy Plow
25:57 Bow Saw
27:59 Fletching
28:11 Padded Archer Armor
31:22 Wheelbarrow
32:35 Bodkin Arrow
32:57 Leather Archer Armor
32:53 Forging
34:47 Hand Cart
40:17 Scale Barding Armor
40:45 Treadmill Crane
Connection lost

Rejoining the realm…

Still unreachable

The connection could not be restored.

Session expired

The server has moved on; the page needs a fresh start.